 Dungeon Crawl Stone Soup version 0.30-a0-374-g95c0257040 (webtiles) character file.

Game seed: 16292982427206549157

9 qeuew the Shield-Bearer (level 2, -13/24 HPs)
             Began as a Formicid Fighter on Nov 26, 2022.
             Mangled by a goblin
             ... wielding a +1 dagger of distortion
              (23 damage)
             ... on level 1 of the Dungeon.
             The game lasted 00:00:17 (89 turns).

qeuew the Shield-Bearer (Formicid Fighter)            Turns: 89, Time: 00:00:18

Health: -13/24     AC:  6    Str: 20    XL:     2   Next: 20%
Magic:  2/2        EV:  9    Int:  7    God:
Gold:   4          SH:  5    Dex: 13    Spells: 1/1 levels left

rFire   . . .      SeeInvis +    a - +0 war axe
rCold   . . .      Faith    .    c - +0 buckler
rNeg    . . .      Spirit   .    b - +0 scale mail
rPois   .          Reflect  .    (helmet unavailable)
rElec   .          Harm     .    (no cloak)
rCorr   .          Rampage  .    (no gloves)
Will    .....                    (no boots)
Stlth   ..........               (no amulet)
HPRegen 0.24/turn                (no ring)
MPRegen 0.08/turn                (no ring)

@: no status effects
A: permanent stasis, dig shafts and tunnels, antennae 3, four strong arms
a: Dig, Shaft Self


You were on level 1 of the Dungeon.
You visited 1 branch of the dungeon, and saw 1 of its levels.

You collected 4 gold pieces.

Inventory:

Hand Weapons
 a - a +0 war axe (weapon)
Armour
 b - a +0 scale mail (worn)
 c - a +0 buckler (worn)
Potions
 d - a potion of might


   Skills:
 * Level 3.4 Fighting
 + Level 2.1 Axes
 * Level 3.5 Armour
 + Level 0.3 Dodging
 + Level 4.1 Shields


You had one spell level left.
You didn't know any spells.
Your spell library was empty.

Dungeon Overview and Level Annotations

Branches:
Dungeon (1/15)

Altars:


Innate Abilities, Weirdness & Mutations

You cannot be hasted, slowed, berserked, paralysed or teleported.
You can dig through walls and to a lower floor.
You have a pair of large antennae on your head. (SInv)
Your four strong arms can wield two-handed weapons with a shield.


Message History

You kill the endoplasm!
No target in view!
No target in view!
HP restored.
You now have 4 gold pieces.
You see here a +0 dagger.
Found a stone staircase leading down.
A goblin comes into view.
It is wielding a +1 dagger of distortion.
You see here a lumpy purple potion.
Found a whip.
The goblin hits you with a +1 dagger of distortion.
Space warps around you.
You closely miss the goblin. The goblin hits you but does no damage.
Space warps around you.
You hit the goblin but do no damage. The goblin completely misses you.
The goblin hits you with a +1 dagger of distortion.
Space warps around you.
You are too injured to fight recklessly!
You are too injured to fight recklessly!
You are too injured to fight recklessly!
You are too injured to fight recklessly!
You are too injured to fight recklessly!
You are too injured to fight recklessly!
You are too injured to fight recklessly!
You are too injured to fight recklessly!
You are too injured to fight recklessly!
You are too injured to fight recklessly!
You are too injured to fight recklessly!
You are too injured to fight recklessly!
You are too injured to fight recklessly!
You are too injured to fight recklessly!
You are too injured to fight recklessly!
You are too injured to fight recklessly!
You miss the goblin. You block the goblin's attack.
Unknown command.
You closely miss the goblin.
The goblin hits you with a +1 dagger of distortion.
The goblin hits you but does no damage. Space warps horribly around you!!
Ouch! That really hurt!
You die...

#.#.#.###......######
##...###.............
...<.................
##...###.............
#.#.#.###......######
.##.##.###...!.# #
#.# #........### ...
#..........# ...
#.....#.#.@# ...
......#.#..g......
..................
......#.###......)
......#.# ##....# .
.. {..... . { .... ..
####


You could see a goblin.

Vanquished Creatures
  An endoplasm (D:1)
  A goblin (D:1)
  4 jackals (D:1)
  A bat (D:1)
7 creatures vanquished.

Notes
Turn   | Place    | Note
-------+----------+-------------------------------------------
     0 | D:1      | qeuew the Formicid Fighter began the quest for the Orb.
     0 | D:1      | Reached XP level 1. HP: 18/18 MP: 1/1
    26 | D:1      | Reached XP level 2. HP: 13/24 MP: 2/2
    89 | D:1      | Mangled by a goblin

Illustrated notes

Levels and vault maps discovered:
D:1:      roderic_crossed_star, layout_rooms

Action                   || total
-------------------------++-------
Melee: War axe           ||    19
Armor: Scale mail        ||    14
Dodge: Dodged            ||    17
Block: Buckler           ||     6

Table legend: (Time is in decaauts)
 A = Elapsed time spent in this place.
 B = Non-inter-level travel time spent in this place.
 C = Inter-level travel time spent in this place.
 D = Time resting spent in this place.
 E = Time spent auto-exploring this place.
 F = Levels seen in this place.
 G = Mean time per level.
                   A        B        C        D        E       F      G
               +--------+--------+--------+--------+--------+-----+--------+
         Total |     96 |     96 |      0 |      0 |     57 |   1 |   96.0 |
       Dungeon |     96 |     96 |      0 |      0 |     57 |   1 |   96.0 |
               +--------+--------+--------+--------+--------+-----+--------+

Top non-repeatable levels by time:
     D:1: 96 daAuts
